 Dungeon Crawl Stone Soup version 0.25.1-2-g60ff931df9 (webtiles) character file.

Game seed: 9924852470159337373

432 McKennaii the Shield-Bearer (level 7, -13/43 HPs)
             Began as a Gargoyle Fighter on Oct 13, 2020.
             Mangled by an ogre
             ... wielding a +0 giant club
              (26 damage)
             ... on level 4 of the Dungeon.
             The game lasted 00:04:41 (3784 turns).

McKennaii the Shield-Bearer (Gargoyle Fighter)      Turns: 3784, Time: 00:04:41

Health: -13/43     AC: 13    Str: 22    XL:     7   Next: 0%
Magic:  0/7        EV:  7    Int:  8    God:
Gold:   171        SH: 10    Dex:  9    Spells: 6/6 levels left

rFire    . . .     SeeInvis .   a - +0 flail
rCold    . . .     Gourm    .   c - +0 kite shield
rNeg     + . .     Faith    .   b - +0 scale mail
rPois    ∞         Spirit   +   n - +0 helmet
rElec    +         Reflect  .   (no cloak)
rCorr    .         Harm     .   (no gloves)
MR       .....                  (no boots)
Stlth    ..........             o - amulet of guardian spirit
HPRegen  0.14/turn              (no ring)
MPRegen  0.10/turn              (no ring)

@: no status effects
A: negative energy resistance 1, electricity resistance, unbreathing,
petrification resistance, rot immunity, AC +4
a: no special abilities


You were on level 4 of the Dungeon.
You were not hungry.

You visited 1 branch of the dungeon, and saw 4 of its levels.

You collected 171 gold pieces.

Inventory:

Hand Weapons
 a - a +0 flail (weapon)
Armour
 b - a +0 scale mail (worn)
 c - a +0 kite shield (worn)
 n - a +0 helmet (worn)
Jewellery
 o - an amulet of guardian spirit (around neck)
Scrolls
 e - 3 scrolls of identify
 g - a scroll of teleportation {unknown}
 h - 2 scrolls of magic mapping
 j - a scroll of blinking {unknown}
 l - a scroll of random uselessness {unknown}
 m - 2 scrolls of remove curse
 q - a scroll of amnesia {unknown}
Potions
 d - a potion of might
 i - 2 potions of stabbing {unknown}
 k - 2 potions of curing {unknown}
Comestibles
 f - 7 rations
 p - a chunk of flesh


   Skills:
 + Level 4.1 Fighting
 + Level 4.9 Maces & Flails
 + Level 4.8 Armour
 + Level 5.0 Shields


You had 6 spell levels left.
You didn't know any spells.
Your spell library contained the following spells:

 Spells                   Type           Power        Failure   Level  Hunger
 Animate Skeleton         Necr           N/A          98%         1    ##.....
 Apportation              Tloc           #.....       98%         1    ##.....
 Corona                   Hex            #......      98%         1    ##.....
 Summon Small Mammal      Summ           #...         98%         1    ##.....


Dungeon Overview and Level Annotations

Branches:
Dungeon (4/15)
 Temple: D:4-7

Altars:
Elyvilon
The Shining One

Annotations:
D:4 Grinder


Innate Abilities, Weirdness & Mutations

You are resistant to torment.
Your stone body is resilient. (AC +4)
You are immune to poison.
You resist negative energy. (rN+)
You are resistant to electric shocks. (rElec)
You can survive without breathing.
You are immune to petrification.
You are immune to rotting.


Message History

The phantom hits you but does no damage.
The worker ant bites you but does no damage.
The phantom hits you.
The worker ant bites you but does no damage.
The ogre hits you with a +0 giant club!!
You can move again.
Unknown command.
Unknown command.
Unknown command.
Unknown command.
As you read the scroll labeled SOMEXEXAUT, it crumbles to dust.
It is a scroll of identify.
h - 2 scrolls of magic mapping You block the phantom's attack.
You block the worker ant's attack.
As you read the scroll labeled LUNKOE CIED ONNU, it crumbles to dust.
You feel blessed for a moment.
It was a scroll of remove curse.
The phantom hits you.
The phantom blinks!
The ogre hits you with a +0 giant club!!
Ouch! That really hurt!
You die...

..... ..... ......
#.....### .......
#.....#>......#...
#.......#..........
....#...##.........
.......@##...).....
#.....O§a#........#
##.....5.........###
. ##................
..
###............##.#
#<..##...........#.
#$.................
#...$#.?W...<.....#
##?(............###


You could see Grinder, a phantom, an ogre and a worker ant.

Vanquished Creatures
  The ghost of Alannah the Skirmisher, an amateur DrWn (D:3)
  A scorpion (D:4)
  A worker ant (D:3)
  Robin (D:3)
  4 gnolls
  7 adders
  4 oozes
  A worm (D:3)
  A dart slug (D:3)
  3 leopard geckos
  An orc (D:3)
  A ball python (D:2)
  2 giant cockroaches
  13 goblins
  16 hobgoblins
  7 jackals
  A quokka (D:2)
  5 bats
  5 frilled lizards
  6 kobolds
  5 rats
86 creatures vanquished.

Notes
Turn   | Place    | Note
-------+----------+-------------------------------------------
     0 | D:1      | McKennaii the Gargoyle Fighter began the quest for the Orb.
     0 | D:1      | Reached XP level 1. HP: 14/14 MP: 1/1
   150 | D:1      | Reached XP level 2. HP: 7/19 MP: 2/2
   525 | D:1      | Reached XP level 3. HP: 21/23 MP: 3/3
  1292 | D:2      | Reached XP level 4. HP: 21/28 MP: 4/4
  1545 | D:2      | Reached skill level 4 in Shields
  1567 | D:2      | Found a white marble altar of Elyvilon.
  1620 | D:2      | Found a glowing golden altar of the Shining One.
  2253 | D:2      | Reached XP level 5. HP: 30/33 MP: 2/5
  2571 | D:3      | Noticed Robin
  2907 | D:3      | Killed Robin
  3127 | D:3      | Found a runed translucent door.
  3281 | D:3      | Reached XP level 6. HP: 30/38 MP: 4/6
  3617 | D:3      | Noticed Alannah's ghost (amateur DrWn)
  3658 | D:3      | Killed Alannah's ghost
  3748 | D:4      | Noticed a phantom
  3764 | D:4      | Noticed Grinder
  3775 | D:4      | Reached skill level 5 in Shields
  3775 | D:4      | Reached XP level 7. HP: 38/43 MP: 5/7
  3777 | D:4      | Paralysed by Grinder for 6 turns
  3784 | D:4      | Mangled by an ogre

Illustrated notes

Levels and vault maps discovered:
D:1:      dpeg_arrival_erosion, layout_basic, minmay_close_crescents
D:2:      layout_basic, elyvilon_altar_4, tso_altar, first_ration
D:3:      layout_basic, ebering_ghost_sewer_d, uniq_robin
D:4:      layout_cave_pools, overflow_temple_1_default, cheibriados_altar_1,
          bloody_trog, minmay_temple_entry_glassed_door,
          chequers_serial_rivers_marsh, uniq_grinder, uniq_blork_the_orc

Skill      XL: |  1  2  3  4  5  6 |
---------------+-------------------+-----
Maces & Flails | 3 4 |  4.9
Armour         | 4 |  4.8
Shields        | 4 5 |  5.0
Fighting       | 4 |  4.1

Action                   |  1- 3 |  4- 6 |  7- 9 || total
-------------------------+-------+-------+-------++-------
Melee: Flail             |   202 |   222 |       ||   424
  Use: Scroll            |       |       |     2 ||     2
  Eat: Chunk             |     1 |     9 |       ||    10
Armor: Scale mail        |   129 |   147 |     8 ||   284
Dodge: Dodged            |    78 |    83 |     1 ||   162
Block: Kite shield       |   126 |   142 |     4 ||   272
